 Dungeon Crawl Stone Soup version 0.30-a0-883-g5ad918d77d (webtiles) character file.

Game seed: 7557432088008582197

1215 Pimp the Digger (level 8, 0/51 (58) HPs)
             Began as a Formicid Earth Elementalist on Mar 15, 2023.
             Was an Initiate of Vehumet.
             Slain by a wight
             ... wielding a +2 falchion of freezing
              (1 damage)
             ... on level 5 of the Dungeon.
             The game lasted 00:11:54 (5361 turns).

Pimp the Digger (Formicid Earth Elementalist)       Turns: 5361, Time: 00:11:55

HP:   0/51 (58)     AC: 11    Str: 13    XL:     8   Next: 75%
MP:   12/12         EV:  3    Int: 15    God:    Vehumet [......]
Gold: 288           SH:  8    Dex: 14    Spells: 14/15 levels left

rFire   + . .      SeeInvis +    i - +5 whip of Prudence {freeze, rF+}
rCold   + . .      Faith    .    j - +0 kite shield
rNeg    . . .      Spirit   .    m - +0 plate armour
rPois   .          Reflect  .    (helmet unavailable)
rElec   .          Rampage  .    (no cloak)
rCorr   .                        (no gloves)
Will    .....                    (no boots) Stlth
                                 (no amulet)
HPRegen 0.28/turn                l - ring of protection from cold
MPRegen 0.13/turn                (no ring)

@: heavily drained
A: permanent stasis, dig shafts and tunnels, antennae 3, four strong arms,
hooves 1, low MP 1, weak 1
a: Dig, Shaft Self, Renounce Religion


You were on level 5 of the Dungeon.
You worshipped Vehumet.
Vehumet was noncommittal.
You visited 2 branches of the dungeon, and saw 7 of its levels.

You collected 288 gold pieces.

Inventory:

Hand Weapons
 g - a +1 short sword of venom
 i - the +5 whip of Prudence (weapon) {freeze, rF+}
   (You found it on level 3 of the Dungeon)

   rF:        It protects you from fire.
Missiles
 h - 2 throwing nets
Armour
 a - a +0 robe
 f - a +0 chain mail
 j - a +0 kite shield (worn)
 m - a +0 plate armour (worn)
Jewellery
 l - a ring of protection from cold (left hand)
Wands
 u - a wand of charming (10)
Scrolls
 e - 2 scrolls of poison
 p - 4 scrolls of identify
 v - a scroll of fog {unknown}
Potions
 b - 2 potions of magic
 c - a potion of flight {unknown}
 d - 3 potions of curing
 k - a potion of brilliance {unknown}
 n - a potion of degeneration {unknown}
 o - a potion of ambrosia {unknown}
 q - a potion of attraction {unknown}
 r - a potion of lignification {unknown}
 t - a potion of invisibility {unknown}
 w - a potion of heal wounds {unknown}


   Skills:
 + Level 3.3 Fighting
 + Level 2.1 Maces & Flails
 + Level 3.2 Armour
 + Level 3.6 Dodging
 + Level 5.2 Stealth
 + Level 2.8 Shields
 + Level 4.1 Spellcasting
 + Level 3.9 Transmutations
 + Level 5.5 Earth Magic


You had 14 spell levels left.
You knew the following spells:

 Your Spells              Type           Power      Damage    Failure   Level
a - Sandblast             Erth           38%        2d10      99%         1

Your spell library contained the following spells:

 Spells                   Type           Power      Damage    Failure   Level
 Summon Small Mammal      Summ           12%        N/A       100%        1
 Cigotuvi's Dreadful Rot  Necr/Pois/Air  6%         N/A       100%        2
 Ensorcelled Hibernation  Hex/Ice        6%         N/A       100%        2
 Passwall                 Tmut/Erth      14%        N/A       100%        2
 Call Canine Familiar     Summ           3%         N/A       100%        3
 Ozocubu's Armour         Ice            3%         N/A       100%        3
 Stone Arrow              Conj/Erth      22%        3d8       100%        3
 Summon Guardian Golem    Hex/Summ       3%         N/A       100%        3
 Dispel Undead            Necr           3%         3d7       100%        4
 Petrify                  Tmut/Erth      17%        N/A       100%        4
 Death Channel            Necr           1%         N/A       100%        6
 Ozocubu's Refrigeration  Ice            1%         4d7       100%        7
 Swiftness                Air            Unusable   N/A       N/A         3

Dungeon Overview and Level Annotations

Branches:
Dungeon (6/15)             Temple (1/1) D:5

Altars:
Ashenzari
Cheibriados
Dithmenos
Elyvilon
Fedhas
Gozag
Hepliaklqana
Kikubaaqudgha
Nemelex Xobeh
Okawaru
Qazlal
Sif Muna
Trog
Uskayaw
Vehumet
Wu Jian
Yredelemnul
Zin

Shops:
D:1 (

Annotations:
D:4 3 runed translucent doors, PLAYERX's ghost, amateur GnWn


Innate Abilities, Weirdness & Mutations

You cannot be hasted, slowed, berserked, paralysed or teleported.
You can dig through walls and to a lower floor.
You have a pair of large antennae on your head. (SInv)
Your four strong arms can wield two-handed weapons with a shield.
You have large cloven feet.
Your magical capacity is low. (-10% MP)
You are weak. (Str -2)


Message History

An adder comes into view.
The adder hisses angrily.
A howler monkey comes into view.
The howler monkey howls!
There is a stone staircase leading up here.
The wight hits you with a +2 falchion of freezing.
You feel drained. The adder barely misses you.
You climb upwards.
There is a stone staircase leading down here.
You hit the wight. You kick the wight.
The wight is moderately damaged.
You block the wight's attack. You block the adder's attack.
The wight hits you but does no damage.
You hit the wight. You kick the wight, but do no damage.
The wight is heavily damaged.
You block the adder's attack. The adder bites you but does no damage.
The wight hits you with a +2 falchion of freezing.
You hit the wight but do no damage. Your kick misses the wight.
The wight is heavily damaged.
The adder bites you but does no damage.
The wight hits you with a +2 falchion of freezing!
* * * LOW HITPOINT WARNING * * *
You feel drained.
* * * LOW HITPOINT WARNING * * *
You closely miss the wight. Your kick misses the wight.
The wight is heavily damaged.
The adder bites you but does no damage. You block the wight's attack.
You block the adder's attack.
You closely miss the wight. Your kick misses the wight.
The wight is heavily damaged.
You block the adder's attack. You block the wight's attack.
You hit the wight but do no damage. You kick the wight.
The wight is severely damaged.
You block the adder's attack.
The wight hits you with a +2 falchion of freezing!
* * * LOW HITPOINT WARNING * * *
You feel drained.
* * * LOW HITPOINT WARNING * * *
The wight freezes you.
You die...

...#....# #.....##.##...#..(#
...#....#######...........8...8..
........#.....##............#...#
.##.##.....................###.##
..#.#..#....................#...#
#.....##........#.#....##.8...8..
..._........................#....
#.....##......#.S...#.......##...
..#.#..#........@...........#...#
.##.##...####.#z....#...##.##.###
........................##.##.#
..#.............#.#...........#
..#...........................#
###...........................#
....................#.........#
....................#.........#
........#######.....#.........#


You could see a wight and an adder.

Vanquished Creatures
  Prince Ribbit (D:5)
  Menkaure (D:5)
  A water moccasin (D:5)
  An ice beast (D:6)
  A phantom (D:5)
  Blork the orc (D:4)
  2 hounds
  A sleepcap (D:4)
  2 iguanas (D:5)
  4 orc wizards (D:5)
  5 adders
  A shadow imp (D:5)
  4 dart slugs
  19 orcs
  8 bats
  8 endoplasms
  2 giant cockroaches
  6 goblins
  10 hobgoblins
  4 jackals
  8 kobolds
  9 ball pythons
  A frilled lizard (D:1)
  5 rats
105 creatures vanquished.

Vanquished Creatures (collateral kills)
  Sigmund (D:5)
1 creature vanquished.

Grand Total: 106 creatures vanquished

Notes
Turn   | Place    | Note
-------+----------+-------------------------------------------
     0 | D:1      | Pimp the Formicid Earth Elementalist began the quest for
                  | the Orb.
     0 | D:1      | Reached XP level 1. HP: 13/13 MP: 3/3
    17 | D:1      | Found Ziytail's Antique Weapon Emporium.
   192 | D:1      | Reached XP level 2. HP: 4/19 MP: 3/5
   281 | D:1      | Gained mutation: You have large cloven feet. [potion of
                  | mutation]
   281 | D:1      | Gained mutation: You have hidden genetic defects. [potion
                  | of mutation]
   311 | D:1      | Gained mutation: You are weak. (Str -2) [hidden defects]
   348 | D:1      | Gained mutation: Your magical capacity is low. (-10% MP)
                  | [hidden defects]
   348 | D:1      | Lost mutation: You have hidden genetic defects. [hidden
                  | defects expressed]
   351 | D:1      | Reached XP level 3. HP: 6/24 MP: 6/6
  1092 | D:2      | Reached XP level 4. HP: 9/31 MP: 7/7
  1331 | D:2      | Found a faded altar of an unknown god.
  1815 | D:3      | Identified the +5 whip of Prudence {freeze, rF+}
  1955 | D:3      | Found a bloodstained altar of Trog.
  1961 | D:3      | Reached skill level 1 in Armour
  2059 | D:3      | Reached XP level 5. HP: 34/36 MP: 8/8
  2180 | D:3      | Reached skill level 1 in Fighting
  2644 | D:4      | Found a runed translucent gate.
  2644 | D:4      | Found a runed translucent gate.
  2644 | D:4      | Found a runed translucent gate.
  2645 | D:4      | Noticed PLAYERX's ghost (amateur GnWn)
  2645 | D:4      | Noticed a kobold brigand
  2707 | D:4      | Noticed Blork the orc
  2713 | D:4      | Killed Blork the orc
  2800 | D:4      | Reached XP level 6. HP: 38/43 MP: 9/9
  3615 | D:5      | Entered Level 5 of the Dungeon
  3616 | D:5      | Noticed a water moccasin
  3629 | D:5      | Killed a water moccasin
  3719 | D:5      | Noticed Sigmund
  3725 | D:5      | Reached XP level 7. HP: 35/50 MP: 10/10
  3728 | D:5      | Killed Sigmund
  3729 | D:5      | Reached skill level 1 in Shields
  3729 | D:5      | Reached skill level 5 in Earth Magic
  3834 | D:5      | Noticed Menkaure
  3845 | D:5      | Killed Menkaure
  3846 | D:5      | Reached skill level 1 in Maces & Flails
  4087 | D:5      | Reached XP level 8. HP: 50/57 MP: 12/12
  4116 | D:5      | Noticed Prince Ribbit
  4124 | D:5      | Killed Prince Ribbit
  4376 | D:5      | Found an ancient bone altar of Kikubaaqudgha.
  4437 | D:5      | Reached skill level 5 in Stealth
  4466 | D:5      | Found a staircase to the Ecumenical Temple.
  4521 | Temple   | Entered the Ecumenical Temple
  4711 | Temple   | Became a worshipper of Vehumet
  5361 | D:5      | HP: 1/51 [wight/+2 falchion of freezing (4)]
  5361 | D:5      | Slain by a wight

Illustrated notes

Levels and vault maps discovered:
D:1:      lightli_iron_boxes, layout_rooms, serial_shops, shop,
          serial_bayou_pond_e, minmay_vboxes
D:2:      layout_basic, hellmonk_ecumenical_altar_arch_garden
D:3:      layout_loops_ring, mainiacjoe_overflow_surrounded_room,
          kennysheep_cross_room
D:4:      layout_cave_pods, gammafunk_ghost_nasty_kobolds,
          roderic_serpentine_path, minmay_misc_feat_pillars, uniq_blork_the_orc
D:5:      layout_gridville, mainiacjoe_overflow_small_starburst, temple_hall,
          minmay_misc_feat_four_crosses, st_stairs_2, uniq_sigmund,
          uniq_prince_ribbit1, uniq_menkaure
D:6:      layout_cave_pods, nicolae_ru_path_of_blood, serial_column_ruins,
          column_ruins_square_small, column_ruins_open_medium,
          column_ruins_open_tiny_water, column_ruins_open_small,
          column_ruins_open_large
Temple:   eino_temple_rhombus

Skill      XL: |  1  2  3  4  5  6  7  8 |
---------------+-------------------------+-----
Dodging        | 2 3 |  3.6
Stealth        | 3 4 5 |  5.2
Earth Magic    | 4 5 |  5.5
Transmutations | 2 3 |  3.9
Armour         | 1 2 3 |  3.2
Fighting       | 1 2 3 |  3.3
Spellcasting   | 3 4 |  4.1
Shields        | 1 2 |  2.8
Maces & Flails | 1 2 |  2.1

Action                     |  1- 3 |  4- 6 |  7- 9 || total
---------------------------+-------+-------+-------++-------
  Melee: Short sword       |   133 |    47 |       ||   180
         Kick              |    28 |    33 |    36 ||    97
         Whip              |       |    65 |   108 ||   173
   Cast: Sandblast         |     1 |       |       ||     1
    Use: Scroll            |     2 |     4 |     1 ||     7
         Potion            |     1 |       |     1 ||     2
 Armour: Chain mail        |   123 |    53 |    35 ||   211
         Plate armour      |       |       |    44 ||    44
  Dodge: Dodged            |    47 |    29 |    16 ||    92
  Block: Kite shield       |       |    20 |    57 ||    77

Table legend: (Time is in decaauts)
 A = Elapsed time spent in this place.
 B = Non-inter-level travel time spent in this place.
 C = Inter-level travel time spent in this place.
 D = Time resting spent in this place.
 E = Time spent auto-exploring this place.
 F = Levels seen in this place.
 G = Mean time per level.
                   A        B        C        D        E       F      G
               +--------+--------+--------+--------+--------+-----+--------+
         Total |   5392 |   5068 |    324 |    927 |   3090 |   7 |  770.3 |
       Dungeon |   5173 |   4963 |    210 |    927 |   2990 |   6 |  862.2 |
        Temple |    218 |    104 |    114 |      0 |    100 |   1 |  218.0 |
               +--------+--------+--------+--------+--------+-----+--------+

Top non-repeatable levels by time:
     D:5: 1373 daAuts
     D:4: 1058 daAuts
     D:2: 965 daAuts
     D:1: 843 daAuts
     D:3: 758 daAuts
  Temple: 218 daAuts
     D:6: 174 daAuts
